 Dungeon Crawl Stone Soup version 0.25.0-9-g26727b657a (webtiles) character file.

Game seed: 18141662028430608397

13 Esekla the Charmwright (level 2, -1/26 HPs)
             Began as a Naga Skald on June 19, 2020.
             Slain by a giant cockroach (2 damage)
             ... on level 2 of the Dungeon.
             The game lasted 00:03:56 (943 turns).

Esekla the Charmwright (Naga Skald)                  Turns: 943, Time: 00:03:57

Health: -1/26      AC:  2    Str: 13    XL:     2   Next: 37%
Magic:  5/5        EV:  9    Int: 13    God:
Gold:   63         SH:  0    Dex: 10    Spells: 0/5 levels left

rFire    . . .     SeeInvis +   a - +0 falchion
rCold    . . .     Gourm    .   (no shield)
rNeg     . . .     Faith    .   b - +0 leather armour
rPois    +         Spirit   .   (no helmet)
rElec    .         Reflect  .   (no cloak)
rCorr    .         Harm     .   (no gloves)
MR       .....                  (no barding)
Stlth    +.........             (no amulet)
HPRegen  0.08/turn              (no ring)
MPRegen  0.09/turn              (no ring)

@: very slow
A: large, see invisible, deformed body, poison resistance, slowness 2, slow
metabolism 1, spit poison 1, AC +0
a: Spit Poison


You were on level 2 of the Dungeon.
You were not hungry.

You visited 1 branch of the dungeon, and saw 2 of its levels.

You collected 63 gold pieces.

Inventory:

Hand Weapons
 a - a +0 falchion (weapon)
Missiles
 f - 13 poisoned darts (quivered)
 h - 4 curare-tipped darts
Armour
 b - a +0 leather armour (worn)
Scrolls
 g - a scroll of remove curse {unknown}
 i - 2 scrolls of teleportation {unknown}
Potions
 c - a potion of degeneration {unknown}
 e - a potion of curing {unknown}
 j - a potion of heal wounds {unknown}
Comestibles
 d - 2 rations


   Skills:
 + Level 2.1 Fighting
 * Level 2.6 Long Blades
 - Level 0.7 Armour
 + Level 1.5 Dodging
 + Level 0.4 Stealth
 + Level 2.0 Spellcasting
 - Level 3.0 Charms
 * Level 0.1 Translocations


You couldn't memorise any spells.
You knew the following spells:

 Your Spells              Type           Power        Failure   Level  Hunger
a - Infusion              Chrm           #...         10%         1    ##.....
b - Shroud of Golubria    Chrm/Tloc      #.....       26%         2    ###....
c - Song of Slaying       Chrm           #.......     14%         2    ###....

Your spell library contained the following spells:

 Spells                   Type           Power        Failure   Level  Hunger
 Ozocubu's Armour         Chrm/Ice       #.......     45%         3    ####...
 Spectral Weapon          Hex/Chrm       #.......     45%         3    ####...


Dungeon Overview and Level Annotations

Branches:
Dungeon (2/15)

Altars:


Innate Abilities, Weirdness & Mutations

You cannot wear boots.
Your serpentine skin is tough. (AC +0)
You have supernaturally acute eyesight. (SInv)
Armour fits poorly on your strangely shaped body.
Your system is resistant to poisons. (rPois)
You cover ground very slowly.
You have a slow metabolism.
You can spit poison.


Message History

The boomerang hits you but does no damage.
The weapon returns to the orc!
The dart slug bites you.
The orc throws a boomerang.
The boomerang hits you.
* * * LOW HITPOINT WARNING * * *
The weapon returns to the orc!
An orc comes into view. It is wielding a -1 whip.
You see here a +0 leather armour.
You have got your breath back.
The goblin hits you but does no damage.
A giant cockroach comes into view.
The goblin hits you with a +0 dagger.
* * * LOW HITPOINT WARNING * * *
The giant cockroach moves out of view.
The goblin hits you with a +0 dagger.
* * * LOW HITPOINT WARNING * * *
The giant cockroach bites you.
* * * LOW HITPOINT WARNING * * *
There is a stone staircase leading up here.
The giant cockroach bites you.
You die...

.... ...... ....
....... . .....
.....#. . .....
####o...... ..
....<.#..oo....##.#
......#[## #......#
#...w###...#.#
..####.o..g.....#
#........(.#@#...#
...##...##.o.s# ...
#.#####......#. #.
#....#... #.
#..#...## .
#..###... . ...#
... ..## .. ..#


You could see a dart slug, 2 orcs, a giant cockroach and a goblin.

Vanquished Creatures
  An orc (D:2)
  A giant cockroach (D:1)
  A hobgoblin (D:2)
  3 bats (D:1)
  A frilled lizard (D:1)
  4 kobolds (D:1)
  2 rats (D:1)
13 creatures vanquished.

Notes
Turn   | Place    | Note
-------+----------+-------------------------------------------
     0 | D:1      | Esekla the Naga Skald began the quest for the Orb.
     0 | D:1      | Reached XP level 1. HP: 19/19 MP: 3/3
   605 | D:1      | Reached XP level 2. HP: 15/26 MP: 5/5
   617 | D:1      | Learned a level 2 spell: Shroud of Golubria
   620 | D:1      | Learned a level 2 spell: Song of Slaying
   942 | D:2      | HP: 1/26 [giant cockroach (1)]
   943 | D:2      | Slain by a giant cockroach

Illustrated notes

Levels and vault maps discovered:
D:1:      nicolae_arrival_somewhat_less_tricky_arrival, layout_basic,
          minmay_strange_pillars
D:2:      layout_rooms

Action                   || total
-------------------------++-------
Melee: Falchion          ||    34
 Abil: Spit Poison       ||     2
 Stab: Sleeping          ||     1
Armor: Leather armour    ||    17
Dodge: Dodged            ||    32
       Rpst.: Falchion   ||    11
